Cogmind - Beta 10.2 @@@ ROGUE MODE // 2021.01.26 @ 20:52:45 Player: Exp. Geonium Core Result: Destroyed by G-50 Soldier with Heavy Laser Performance ------------- Evolutions (4) 2000 Regions Visited (13) 2600 Robots Destroyed (77) 385 Value Destroyed (4007) 4007 Prototype IDs (23) 460 Alien Tech Used (0) 0 Bonus (3284) 3284 TOTAL SCORE: 12736 Bonus ------- Pacifist 200 High Alert Combat Kills 322 Follower Combat Kills 362 Entered Garrisons 600 Used RIF Installer 1500 Aligned with FarCom 300 Cogmind --------- Core Integrity 0/850 Matter 235/300 Energy 160/160 System Corruption 0% Temperature Cool (6) Movement Flying (37) Location -6/Garrison Parts ------- > --- POWER (1) -------- Light Nuclear Core > --- PROPULSION (2) --- VTOL Module VTOL Module > --- UTILITY (7) ------ Relay Coupler [NC] (34) Relay Coupler [NC] (28) Relay Coupler [ARC] (9) Relay Coupler [Swarmer] (17) Relay Coupler [Grunt] (29) Relay Coupler [Hunter] (18) > --- WEAPON (5) ------- Autogun > --- INVENTORY (4) ---- Relay Coupler [Duelist] (30) Relay Coupler [Duelist] (30) Relay Coupler [Demolisher] (27) Flak Gun Peak State ------------ > --- POWER ------------ Light Nuclear Core > --- PROPULSION ------- Medium Treads Medium Treads > --- UTILITY ---------- Improved Heat Sink Large Storage Unit Large Storage Unit High-capacity Storage Unit Improved Armor Integrity Analyzer > --- WEAPON ----------- Autogun XL Autogun Array > --- INVENTORY -------- Light Nuclear Core Light Nuclear Core Medium Treads Medium Treads Improved Heat Sink Improved ECM Suite Relay Coupler [NC] Relay Coupler [NC] Relay Coupler [ARC] Relay Coupler [Swarmer] Relay Coupler [Grunt] Relay Coupler [Grunt] Relay Coupler [Duelist] Relay Coupler [Sentry] Relay Coupler [Demolisher] Relay Coupler [Hunter] Relay Coupler [Hunter] Relay Coupler [Hunter] Light Assault Rifle Autogun Autogun Minigun Grenade Launcher [Rating: 67] Favorites ----------- Power Light Nuclear Core Engine Light Deuterium Engine Power Core Light Nuclear Core Propulsion Medium Treads Treads Medium Treads Wheel Compact Wheel Flight Unit VTOL Module Utility Large Storage Unit Device Improved Heat Sink Storage Large Storage Unit Processor Improved Armor Integrity Analyzer Hackware Relay Coupler [Grunt] Weapon XL Autogun Array Energy Gun Heavy Laser Ballistic Gun XL Autogun Array Launcher Grenade Launcher Special Weapon Remote Datajack Slashing Weapon Greatsword Build | -11 -10 -10 -9 -9 -9 -8 -8 -7 -7 -7 -7 -6 -6 ------- Run | Scr Mat Min Mat Min Exi Min Mat Fac Gar Fac Gar Fac Gar Slots Evolved 8 | . . . 2 . . . 2 2 . . . 2 . Power . | . . . . . . . . . . . . . . Propulsion . | . . . . . . . . . . . . . . Utility 5 | . . . 2 . . . . 1 . . . 2 . Weapon 3 | . . . . . . . 2 1 . . . . . Parts Attached 69 | 2 1 . 3 . 2 . 12 1 6 . 4 19 19 Power 5 | . . . . . . . 2 . 2 . . . 1 Engine 1 | . . . . . . . 1 . . . . . . Core 4 | . . . . . . . 1 . 2 . . . 1 Reactor . | . . . . . . . . . . . . . . Propulsion 18 | 1 . . 2 . . . 4 . 2 . 2 4 3 Treads 14 | . . . 2 . . . 4 . 2 . 2 4 . Leg . | . . . . . . . . . . . . . . Wheel 1 | 1 . . . . . . . . . . . . . Hover . | . . . . . . . . . . . . . . Flight 3 | . . . . . . . . . . . . . 3 Utility 24 | . . . . . 2 . 5 1 2 . 1 6 7 Device 3 | . . . . . . . 2 . 1 . . . . Storage 7 | . . . . . 2 . 3 . . . 1 1 . Processor 2 | . . . . . . . . 1 1 . . . . Hackware 12 | . . . . . . . . . . . . 5 7 Protection . | . . . . . . . . . . . . . . Artifact . | . . . . . . . . . . . . . . Weapon 22 | 1 1 . 1 . . . 1 . . . 1 9 8 Energy Gun 2 | . . . . . . . . . . . . . 2 Energy Cannon . | . . . . . . . . . . . . . . Ballistic Gun 14 | 1 1 . 1 . . . 1 . . . 1 4 5 Ballistic Cannon . | . . . . . . . . . . . . . . Launcher 1 | . . . . . . . . . . . . 1 . Special Weapon 4 | . . . . . . . . . . . . 3 1 Impact Weapon . | . . . . . . . . . . . . . . Slashing Weapon 1 | . . . . . . . . . . . . 1 . Piercing Weapon . | . . . . . . . . . . . . . . Special Melee Weapon . | . . . . . . . . . . . . . . Unidentified Prototypes . | . . . . . . . . . . . . . . Parts Lost 26 | . . . . . . . 1 . 5 . 4 4 12 Power 3 | . . . . . . . . . 2 . . 1 . Propulsion 7 | . . . . . . . 1 . 1 . 2 1 2 Utility 6 | . . . . . . . . . 2 . 1 . 3 Weapon 10 | . . . . . . . . . . . 1 2 7 Highest Loss Streak 12 | . . . . . . . 1 . 3 . 4 3 12 Average Slot Usage (%) 65 | . 24 28 42 44 60 66 71 65 65 69 69 71 44 Core 4 | . . . . . . . 6 7 6 7 7 4 . Treads 14 | . . . 20 22 22 22 18 15 14 15 14 9 1 Device 5 | . . . . . . . 10 7 6 7 6 . . Storage 19 | . . . . . 16 22 24 23 16 15 20 20 6 Processor 3 | . . . . . . . . 3 11 15 9 3 . Hackware 2 | . . . . . . . . . . . . 10 19 Ballistic Gun 11 | . 24 28 22 22 22 22 9 7 7 7 8 14 3 Naked Turns . | . . . . . . . . . . . . . . Heaviest Build 88 | 2 3 3 3 3 35 35 70 70 70 69 88 85 70 Greatest Support 56 | 16 3 3 3 3 43 43 56 56 56 50 56 56 28 Greatest Overweight (x) 3 | . . . . . . . 1 1 3 1 2 3 2 Average Overweight (x) . | . . . . . . . . 1 1 1 1 1 . Largest Inventory Capacity 24 | 4 4 4 4 4 16 16 18 18 18 18 24 24 24 Average Capacity 17 | 4 4 4 4 4 13 16 16 18 18 18 22 24 10 Most Carried 24 | 2 4 4 4 4 6 7 15 17 18 18 24 23 17 Average Carried 13 | . 3 4 3 4 5 6 12 16 13 18 21 19 7 Final Capacity 24 | 4 4 4 4 4 16 16 18 18 18 18 24 24 4 Final Carried 23 | 1 4 4 4 4 6 7 15 17 18 18 23 17 4 Class Distribution -------------------- 44% | Skirmisher 17% | Mutant 13% | Hauler-Skirmisher 12% | Gunner 10% | Bothacker-Mutant Dominant Class ---------------- Mutant | -10/Materials Mutant | -10/Mines Mutant | -9/Materials Mutant | -9/Mines Mutant | -9/Exiles Mutant | -8/Mines Skirmisher | -8/Materials Skirmisher | -7/Factory Gunner | -7/Garrison Gunner | -7/Factory Hauler-Skirmisher | -7/Garrison Bothacker-Mutant | -6/Factory Mutant | -6/Garrison Resources | -11 -10 -10 -9 -9 -9 -8 -8 -7 -7 -7 -7 -6 -6 ----------- Run | Scr Mat Min Mat Min Exi Min Mat Fac Gar Fac Gar Fac Gar Matter Collected 3061 | . . . 230 23 . 12 1073 44 738 . 242 357 342 Remotely . | . . . . . . . . . . . . . . Salvage Created 3398 | . . . 142 . . . 1663 73 1009 . 340 116 55 Parts 179 | . . . 8 . . . 87 5 55 . 11 10 3 Haulers Intercepted . | . . . . . . . . . . . . . . Recyclers Shooed 1 | . . . . . . . 1 . . . . . . Parts Field Recycled . | . . . . . . . . . . . . . . Retrieved Matter . | . . . . . . . . . . . . . . Parts Self-Destructed . | . . . . . . . . . . . . . . Prevented . | . . . . . . . . . . . . . . Kills | -11 -10 -10 -9 -9 -9 -8 -8 -7 -7 -7 -7 -6 -6 ------- Run | Scr Mat Min Mat Min Exi Min Mat Fac Gar Fac Gar Fac Gar Combat Hostiles Destroyed 68 | . . . 3 . . . 27 1 25 . 8 2 2 Melee 1 | . . . . . . . . . . . . 1 . Guns 67 | . . . 3 . . . 27 1 25 . 8 1 2 Classes Destroyed 11 | . . . 1 . . . 7 2 1 . . . . Worker 4 | . . . . . . . 4 . . . . . . Tunneler 1 | . . . . . . . . 1 . . . . . Recycler 1 | . . . . . . . 1 . . . . . . Operator 2 | . . . . . . . 1 1 . . . . . Watcher 1 | . . . . . . . 1 . . . . . . Swarmer 18 | . . . . . . . . . 13 . 3 . 2 Grunt 31 | . . . 3 . . . 16 . 7 . 5 . . Brawler 2 | . . . . . . . 1 . 1 . . . . Sentry 13 | . . . . . . . 9 . 3 . . 1 . Hunter 1 | . . . . . . . 1 . . . . . . Programmer 3 | . . . . . . . . 1 1 . . 1 . Best Kill Streak 13 | . . . 3 . . . 8 2 13 . 3 1 1 Combat Bots Only 13 | . . . 3 . . . 6 1 13 . 3 1 1 Max Kills in Single Turn 2 | . . . 1 . . . 2 1 2 . 1 1 1 Gunslinging . | . . . . . . . . . . . . . . Exploded . | . . . . . . . . . . . . . . Melee 1 | . . . . . . . . . . . . 1 . Uniques/NPCs Destroyed . | . . . . . . . . . . . . . . Combat | -11 -10 -10 -9 -9 -9 -8 -8 -7 -7 -7 -7 -6 -6 -------- Run | Scr Mat Min Mat Min Exi Min Mat Fac Gar Fac Gar Fac Gar Damage Taken 5338 | . . 16 192 . . . 710 28 1046 . 978 894 1474 Core 1173 | . . . 36 . . . 41 . 147 . 95 82 772 Absorbed by Shields 69 | . . . . . . . . . 46 . 18 . 5 Core Remaining (%) 89 | 100 . 100 . . . 91 92 . . . 65 . . Volleys Fired 188 | . . . 10 . . . 63 4 48 . 27 19 17 Largest 2 | . . . 2 . . . 1 1 1 . 2 2 2 Hottest 83 | . . . 40 . . . 60 60 60 . 83 56 51 Shots Fired 209 | . . . 20 . . . 63 4 48 . 33 21 20 Gun 184 | . . . 20 . . . 63 4 48 . 33 4 12 Cannon . | . . . . . . . . . . . . . . Launcher 5 | . . . . . . . . . . . . 5 . Special 20 | . . . . . . . . . . . . 12 8 Kinetic 184 | . . . 20 . . . 63 4 48 . 33 4 12 Thermal . | . . . . . . . . . . . . . . Explosive 5 | . . . . . . . . . . . . 5 . Electromagnetic . | . . . . . . . . . . . . . . Robot Hit Streak 17 | . . . 7 . . . 15 2 17 . 6 7 4 Robot Miss Streak 6 | . . . 2 . . . 6 2 5 . 5 2 4 Penetration Max . | . . . . . . . . . . . . . . Secondary Targets . | . . . . . . . . . . . . . . Shots Hit Robots 174 | . . . 14 . . . 58 3 45 . 26 16 12 Core Hits 126 | . . . 6 . . . 53 3 38 . 18 4 4 Critical Hits . | . . . . . . . . . . . . . . Critical Kills . | . . . . . . . . . . . . . . Critical Parts Destroyed . | . . . . . . . . . . . . . . Melee Attacks 5 | . . . . . . . . . . . . 5 . Impact . | . . . . . . . . . . . . . . Slashing 5 | . . . . . . . . . . . . 5 . Piercing . | . . . . . . . . . . . . . . Sneak Attacks . | . . . . . . . . . . . . . . Combat Hostiles . | . . . . . . . . . . . . . . Follow-up Attacks . | . . . . . . . . . . . . . . Damage Inflicted 7516 | . . . 159 . . . 3165 168 2421 . 1184 308 111 Guns 7221 | . . . 159 . . . 3134 168 2420 . 1150 79 111 Cannons . | . . . . . . . . . . . . . . Explosions 51 | . . . . . . . 30 . . . . 21 . Melee 197 | . . . . . . . . . . . . 197 . Ramming 47 | . . . . . . . 1 . 1 . 34 11 . Kinetic 7221 | . . . 159 . . . 3134 168 2420 . 1150 79 111 Thermal . | . . . . . . . . . . . . . . Explosive 51 | . . . . . . . 30 . . . . 21 . Electromagnetic . | . . . . . . . . . . . . . . Impact . | . . . . . . . . . . . . . . Slashing 197 | . . . . . . . . . . . . 197 . Piercing . | . . . . . . . . . . . . . . Highest Corruption 1 | . . . . . . . . 1 1 1 1 . . Average Corruption 1 | . . . . . . . . 1 1 1 1 . . Corruption Purged . | . . . . . . . . . . . . . . Effects 9 | . . . . . . . . 3 3 . 3 . . Message Errors 6 | . . . . . . . . 2 3 . 1 . . Data Loss (minor) 2 | . . . . . . . . 1 . . 1 . . Targeting Errors 1 | . . . . . . . . . . . 1 . . Overload Shots . | . . . . . . . . . . . . . . Overflow Damage 15 | . . . . . . . . . . . . 15 . Projectiles . | . . . . . . . . . . . . . . Explosions . | . . . . . . . . . . . . . . Melee 15 | . . . . . . . . . . . . 15 . Knockbacks . | . . . . . . . . . . . . . . Impact . | . . . . . . . . . . . . . . Kinetic . | . . . . . . . . . . . . . . Secondary . | . . . . . . . . . . . . . . Self-Inflicted Damage 160 | . . . . . . . 112 . . . . 48 . Shots 4 | . . . . . . . 2 . . . . 2 . Rammed 13 | . . . . . . . 1 . 1 . 9 2 . Targets Rammed 13 | . . . . . . . 1 . 1 . 9 2 . Kicked . | . . . . . . . . . . . . . . Crushed . | . . . . . . . . . . . . . . Highest Temperature 369 | . . . . . . . 369 38 164 . 242 . 11 Average Temperature 73 | . . . . . . . 88 23 46 . 81 . 11 Received Heat Transfer 1543 | . . 9 96 . . . 252 . 227 . 503 153 303 Effects 4 | . . . . . . . 2 . . . 2 . . Energy Bleed 3 | . . . . . . . 2 . . . 1 . . Interference 1 | . . . . . . . . . . . 1 . . Siege Activations . | . . . . . . . . . . . . . . Robots Corrupted . | . . . . . . . . . . . . . . Combat Hostiles . | . . . . . . . . . . . . . . Parts Fried . | . . . . . . . . . . . . . . Impact Corruptions . | . . . . . . . . . . . . . . Robots Melted . | . . . . . . . . . . . . . . Combat Hostiles . | . . . . . . . . . . . . . . Parts Melted . | . . . . . . . . . . . . . . Heat Transferred . | . . . . . . . . . . . . . . Parts Sabotaged . | . . . . . . . . . . . . . . Parts Stolen . | . . . . . . . . . . . . . . Parts Stripped . | . . . . . . . . . . . . . . Power Chain Reactions . | . . . . . . . . . . . . . . Missiles Intercepted . | . . . . . . . . . . . . . . Alert | -11 -10 -10 -9 -9 -9 -8 -8 -7 -7 -7 -7 -6 -6 ------- Run | Scr Mat Min Mat Min Exi Min Mat Fac Gar Fac Gar Fac Gar Peak Influence 832 | . 4 73 278 108 . . 628 255 832 436 600 369 70 Initial 436 | . . 1 27 108 . . . 185 109 436 305 298 . Average 288 | . 1 26 188 108 . . 360 162 534 436 441 197 35 Maximum Alert Level 3 | . . . 1 . . . 2 1 3 2 2 1 . Low Security (%) 41 | 100 100 100 34 100 . 100 18 83 12 . . 53 100 Level 1 24 | . . . 65 . . . 31 16 6 . 38 46 . Level 2 30 | . . . . . . . 49 . 63 100 61 . . Level 3 2 | . . . . . . . . . 18 . . . . Level 4 . | . . . . . . . . . . . . . . Level 5 . | . . . . . . . . . . . . . . High Security . | . . . . . . . . . . . . . . Max Security . | . . . . . . . . . . . . . . Squads Dispatched 10 | . 1 . 2 . . . 2 1 . . . 4 . Investigation 4 | . 1 . 1 . . . 1 1 . . . . . Extermination . | . . . . . . . . . . . . . . Reinforcement 4 | . . . 1 . . . 1 . . . . 2 . Assault 1 | . . . . . . . . . . . . 1 . Garrison 1 | . . . . . . . . . . . . 1 . Intercept . | . . . . . . . . . . . . . . Construction Impeded . | . . . . . . . . . . . . . . Haulers Reinforced . | . . . . . . . . . . . . . . Stealth | -11 -10 -10 -9 -9 -9 -8 -8 -7 -7 -7 -7 -6 -6 --------- Run | Scr Mat Min Mat Min Exi Min Mat Fac Gar Fac Gar Fac Gar Distress Signals 4 | . . . . . . . 3 . . . . 1 . Communications Jammed . | . . . . . . . . . . . . . . Distress Signals . | . . . . . . . . . . . . . . Times Spotted 136 | . . 3 11 . . . 40 5 30 . 15 18 14 Peak Tracking Total 7 | . . 2 7 . . . 7 2 7 . 7 5 5 Tactical Retreats 15 | . . 1 1 . . . 3 . 8 . 2 . . Traps | -11 -10 -10 -9 -9 -9 -8 -8 -7 -7 -7 -7 -6 -6 ------- Run | Scr Mat Min Mat Min Exi Min Mat Fac Gar Fac Gar Fac Gar Traps Triggered 20 | . 1 . . . . . 2 1 9 1 2 3 1 Indirectly . | . . . . . . . . . . . . . . Trap Hack Attempts . | . . . . . . . . . . . . . . Triggered . | . . . . . . . . . . . . . . Disarmed . | . . . . . . . . . . . . . . Reprogrammed . | . . . . . . . . . . . . . . Reused . | . . . . . . . . . . . . . . Traps Extracted . | . . . . . . . . . . . . . . Installed . | . . . . . . . . . . . . . . Triggered . | . . . . . . . . . . . . . . Machines | -11 -10 -10 -9 -9 -9 -8 -8 -7 -7 -7 -7 -6 -6 ---------- Run | Scr Mat Min Mat Min Exi Min Mat Fac Gar Fac Gar Fac Gar Machines Disabled 12 | . . . . . . . 6 1 2 . 2 . 1 Max in Single Turn 1 | . . . . . . . 1 1 1 . 1 . 1 Garrison Access 1 | . . . . . . . . . . . . 1 . Garrison Relay 5 | . . . . . . . . . 2 . 2 . 1 Machines Sabotaged . | . . . . . . . . . . . . . . Garrisons Compromised . | . . . . . . . . . . . . . . Overloaded Fab Kills . | . . . . . . . . . . . . . . Fab Network Shutdowns . | . . . . . . . . . . . . . . Hacking | -11 -10 -10 -9 -9 -9 -8 -8 -7 -7 -7 -7 -6 -6 --------- Run | Scr Mat Min Mat Min Exi Min Mat Fac Gar Fac Gar Fac Gar Machines Accessed 29 | . 2 . 5 . 1 . 11 5 . 2 . 3 . Terminals 24 | . 2 . 5 . . . 11 3 . 1 . 2 . Fabricators 1 | . . . . . . . . 1 . . . . . Repair Stations . | . . . . . . . . . . . . . . Recycling Units . | . . . . . . . . . . . . . . Scanalyzers . | . . . . . . . . . . . . . . Garrison Access 3 | . . . . . . . . 1 . 1 . 1 . Total Hacks 81 | . 7 . 16 . 1 . 38 12 . 2 . 5 . Successful 36 | . 5 . 6 . 1 . 14 6 . 1 . 3 . Failed 45 | . 2 . 10 . . . 24 6 . 1 . 2 . Catastrophic 9 | . . . 3 . . . 2 3 . . . 1 . Database Lockouts . | . . . . . . . . . . . . . . Manual 75 | . 6 . 16 . 1 . 37 10 . 1 . 4 . Terminals 76 | . 7 . 16 . . . 38 10 . 1 . 4 . Fabricators 1 | . . . . . . . . 1 . . . . . Repair Stations . | . . . . . . . . . . . . . . Recycling Units . | . . . . . . . . . . . . . . Scanalyzers . | . . . . . . . . . . . . . . Garrison Access 3 | . . . . . . . . 1 . 1 . 1 . Terminal Hacks 10 | . 2 . 1 . 1 . 4 2 . . . . . Branch Access Points 1 | . . . 1 . . . . . . . . . . Terminal Index 2 | . . . . . . . 1 1 . . . . . Unreport Threat 1 | . . . . . . . 1 . . . . . . Recall Investigation 1 | . 1 . . . . . . . . . . . . Zone Layout 4 | . 1 . . . . . 2 1 . . . . . EX-Prototype ID Bank 1 | . . . . . 1 . . . . . . . . Fabricator Hacks . | . . . . . . . . . . . . . . Repair Station Hacks . | . . . . . . . . . . . . . . Recycling Unit Hacks . | . . . . . . . . . . . . . . Scanalyzer . | . . . . . . . . . . . . . . Garrison Access Hacks 3 | . . . . . . . . 1 . 1 . 1 . Unlock Access 3 | . . . . . . . . 1 . 1 . 1 . Unauthorized Hacks 23 | . 3 . 5 . . . 10 3 . . . 2 . Terminals 23 | . 3 . 5 . . . 10 3 . . . 2 . Assimilate 3 | . . . 1 . . . . . . . . 2 . Botnet 18 | . 2 . 3 . . . 10 3 . . . . . Operators 2 | . 1 . 1 . . . . . . . . . . Fabricators . | . . . . . . . . . . . . . . Repair Stations . | . . . . . . . . . . . . . . Recycling Units . | . . . . . . . . . . . . . . Scanalyzers . | . . . . . . . . . . . . . . Garrison Access . | . . . . . . . . . . . . . . Data Cores Recovered 2 | . . . . . . . 1 1 . . . . . Used 2 | . . . . . . . 1 1 . . . . . Hacking Detections 26 | . 2 . 5 . . . 11 4 . 2 . 2 . Full Trace Events 2 | . . . 1 . . . . 1 . . . . . Feedback Events . | . . . . . . . . . . . . . . Feedback Blocked . | . . . . . . . . . . . . . . Robot Schematics Acquired . | . . . . . . . . . . . . . . Robots Built . | . . . . . . . . . . . . . . Matter . | . . . . . . . . . . . . . . Time . | . . . . . . . . . . . . . . Total Robot Build Rating . | . . . . . . . . . . . . . . Part Schematics Acquired . | . . . . . . . . . . . . . . Parts Built . | . . . . . . . . . . . . . . Matter . | . . . . . . . . . . . . . . Time . | . . . . . . . . . . . . . . Total Part Build Rating . | . . . . . . . . . . . . . . Parts Repaired . | . . . . . . . . . . . . . . Time . | . . . . . . . . . . . . . . Parts Recycled . | . . . . . . . . . . . . . . Recycled Matter . | . . . . . . . . . . . . . . Retrieved Matter . | . . . . . . . . . . . . . . Retrieved Components . | . . . . . . . . . . . . . . Parts Scanalyzed . | . . . . . . . . . . . . . . Part Schematics Acquired . | . . . . . . . . . . . . . . Parts Damaged . | . . . . . . . . . . . . . . Bothacking | -11 -10 -10 -9 -9 -9 -8 -8 -7 -7 -7 -7 -6 -6 ------------ Run | Scr Mat Min Mat Min Exi Min Mat Fac Gar Fac Gar Fac Gar Used RIF Installer 3 | . . . . . . . . . 1 . 1 . 1 Zone Cloak 1 | . . . . . . . . . . . 1 . . Program Shield 1 | . . . . . . . . . . . . . 1 Robots Hacked 14 | . . . . . . . . . . . . 8 6 Non-combat 5 | . . . . . . . . . . . . 5 . Combat 9 | . . . . . . . . . . . . 3 6 Robot Hacks Applied 16 | . . . . . . . . . . . . 10 6 parse_system 1 | . . . . . . . . . . . . 1 . generate_anomaly 1 | . . . . . . . . . . . . 1 . deconstruct_machine 1 | . . . . . . . . . . . . 1 . map_walls 2 | . . . . . . . . . . . . 2 . map_route 1 | . . . . . . . . . . . . 1 . find_garrison 1 | . . . . . . . . . . . . 1 . wipe_record 1 | . . . . . . . . . . . . . 1 go_dormant 1 | . . . . . . . . . . . . 1 . overwrite_iff 3 | . . . . . . . . . . . . . 3 streamctrl_high 2 | . . . . . . . . . . . . . 2 formatsys_high 2 | . . . . . . . . . . . . 2 . Relay Couplers Released 18 | . . . . . . . . . 8 . 6 1 3 Machine Destruction 18 | . . . . . . . . . 8 . 6 1 3 Attached 12 | . . . . . . . . . . . . 5 7 Robots Rewired . | . . . . . . . . . . . . . . Allies Hacked . | . . . . . . . . . . . . . . Hacks Repelled . | . . . . . . . . . . . . . . Allies | -11 -10 -10 -9 -9 -9 -8 -8 -7 -7 -7 -7 -6 -6 -------- Run | Scr Mat Min Mat Min Exi Min Mat Fac Gar Fac Gar Fac Gar Total Allies 14 | . . 3 . . . . . 3 . . . 3 5 Largest Group 3 | . . 3 3 . . . . 3 3 . . 2 2 Highest-Rated Group 93 | . . 40 40 . . . . 93 93 . . 67 29 Highest-Rated Ally 41 | . . 16 16 . . . . 31 31 . . 41 29 Total Orders . | . . . . . . . . . . . . . . Ally Attacks 97 | . . 10 25 . . . . 22 14 . . 14 12 Total Damage 1450 | . . 101 247 . . . . 261 214 . . 446 181 Kills 14 | . . 2 5 . . . . 2 1 . . 2 2 Allies Corrupted . | . . . . . . . . . . . . . . Allies Melted . | . . . . . . . . . . . . . . Intel | -11 -10 -10 -9 -9 -9 -8 -8 -7 -7 -7 -7 -6 -6 ------- Run | Scr Mat Min Mat Min Exi Min Mat Fac Gar Fac Gar Fac Gar Robot Analysis Total . | . . . . . . . . . . . . . . Derelict Logs Recovered 1 | . . 1 . . . . . . . . . . . Drone Launches . | . . . . . . . . . . . . . . Drone Recoveries . | . . . . . . . . . . . . . . Exploration | -11 -10 -10 -9 -9 -9 -8 -8 -7 -7 -7 -7 -6 -6 ------------- Run | Scr Mat Min Mat Min Exi Min Mat Fac Gar Fac Gar Fac Gar Turns Passed 6701 | 19 41 280 112 115 248 256 1966 649 899 159 450 1249 258 Spaces Moved 4154 | 22 71 533 140 186 237 157 967 352 460 93 207 565 164 Core 1089 | 20 71 533 140 186 121 . . . . . . . 18 Treads 2953 | . . . . . 116 157 967 352 460 93 207 565 36 Legs . | . . . . . . . . . . . . . . Wheels 2 | 2 . . . . . . . . . . . . . Hover . | . . . . . . . . . . . . . . Flight 110 | . . . . . . . . . . . . . 110 Fastest Speed 37 | 50 50 50 50 50 50 160 152 180 172 172 172 180 37 Average Speed 139 | 54 50 50 50 50 103 160 170 180 173 172 178 191 75 Slowest Speed 220 | 100 50 50 50 50 160 160 180 180 205 172 200 220 200 Overloaded Moves . | . . . . . . . . . . . . . . Propulsion Burnouts . | . . . . . . . . . . . . . . Robots Hopped 1 | . . . . . . . . . . . . . 1 Cave-ins Triggered . | . . . . . . . . . . . . . . Exploration Rate (%) 40 | 3 19 92 26 38 63 56 75 14 74 4 48 19 32 Regions Visited 13 Branch Regions 4 Pre-discovered Areas 1 | . . 1 . . . . . . . . . . . Known Exits Taken 4 | . . . 1 . . . . 1 . 1 . 1 . Unknown Exits Taken 7 | 1 1 1 . 1 1 1 1 . . . . . . Scrap Searched 3 | . . . . 2 . 1 . . . . . . . Spaces Dug 34 | . . . . . . . 5 . . . . 29 . Terrain Destroyed 129 | . . . . . . . 89 . . . . 40 . Melee 1 | . . . . . . . . . . . . 1 . Projectile 50 | . . . . . . . 50 . . . . . . AOE 78 | . . . . . . . 39 . . . . 39 . Terrain Rammed . | . . . . . . . . . . . . . . Walls Destroyed . | . . . . . . . . . . . . . . Machines Disabled . | . . . . . . . . . . . . . . Actions | -11 -10 -10 -9 -9 -9 -8 -8 -7 -7 -7 -7 -6 -6 --------- Run | Scr Mat Min Mat Min Exi Min Mat Fac Gar Fac Gar Fac Gar Total 4985 | 29 75 545 162 207 239 162 1280 367 563 92 277 706 281 Wait 459 | . . 13 6 22 . 5 228 9 12 . 15 82 67 Move 4138 | 21 70 532 139 185 236 156 966 351 458 92 205 565 162 Hop 1 | . . . . . . . . . . . . . 1 Pick Up 52 | 4 4 . 2 . 1 1 7 2 9 . 10 6 6 Fast Attach 28 | . . . 2 . . . 4 1 3 . . 5 13 Attach 32 | 2 1 . . . 2 . 2 . 2 . 3 14 6 Detach 5 | . . . . . . . 2 . . . . 2 1 Swap 9 | . . . 1 . . . 6 . 1 . 1 . . Drop 24 | 2 . . 2 . . . 1 . 6 . 3 4 6 Fire 188 | . . . 10 . . . 63 4 48 . 27 19 17 Melee 5 | . . . . . . . . . . . . 5 . Ram . | . . . . . . . . . . . . . . Kick . | . . . . . . . . . . . . . . Crush 13 | . . . . . . . 1 . 1 . 9 2 . Escape Stasis 22 | . . . . . . . . . 14 . 4 2 2 Rewire 9 | . . . . . . . . . 9 . . . . Trap . | . . . . . . . . . . . . . . Miscellaneous . | . . . . . . . . . . . . . . Route ------- -11/Scrapyard -10/Materials (discovered 2 exits: [*Min x2]) -10/Mines (discovered 2 exits: *Mat x2) -9/Materials (discovered 2 exits: *Min x2) -9/Mines (discovered 2 exits: *Mat / *Exi) -9/Exiles -8/Mines -8/Materials (discovered 4 exits: *Fac x3 / [*Sto]) -7/Factory (discovered 2 exits: *Fac / Gar) -7/Garrison (discovered 3 exits: *Fac x3) -7/Factory -7/Garrison -6/Factory -6/Garrison History --------- Turn | Location | Event 9 | -11/Scrapyard | Discovered new exit (range 15) 20 | -11/Scrapyard | Entered Materials 42 | -10/Materials | Discovered new exit (range 10) 53 | -10/Materials | Discovered new exit (range 11) 61 | -10/Materials | Entered Mines 62 | -10/Mines | Assisted by bots powering up and referring to "LRC-V3" 78 | -10/Mines | Found a hidden stash of uninstalled traps 109 | -10/Mines | Learned Materials machine intel 110 | -10/Mines | Learned location of Storage (-8) 179 | -10/Mines | Discovered new exit (range 8) 292 | -10/Mines | Discovered new exit (range 5) 317 | -10/Mines | Build established: Mutant 341 | -10/Mines | Entered Materials 341 | -9/Materials | Accompanied by 3 allies 341 | -9/Materials | Evolved 2 slots: Utility x2 342 | -9/Materials | Loaded intel: 42 machine locations 440 | -9/Materials | Discovered new exit (range 16) 441 | -9/Materials | Identified exit to Mines 453 | -9/Materials | Entered Mines 463 | -9/Mines | Assembled infested the area 531 | -9/Mines | Discovered new exit (range 7) 566 | -9/Mines | Deemed a non-threat by the Exiles lab entrance 566 | -9/Mines | Discovered new exit (range 5) 568 | -9/Mines | Entered Exiles 581 | -9/Exiles | Met 8R-AWN 590 | -9/Exiles | Met EX-HEX 606 | -9/Exiles | Met EX-BIN 612 | -9/Exiles | Aligned with FarCom system 612 | -9/Exiles | Given EX-Vault access code 624 | -9/Exiles | Opened EX-Vault 634 | -9/Exiles | Found XL Autogun Array 670 | -9/Exiles | Warned to stay clear of 0b10 Research branches 714 | -9/Exiles | Met EX-DEC 795 | -9/Exiles | Discovered new exit (range 14) 816 | -9/Exiles | Left Exiles lab with XL Autogun Array 816 | -9/Exiles | Entered Mines 1062 | -8/Mines | Discovered new exit (range 7) 1072 | -8/Mines | Entered Materials 1072 | -8/Materials | Evolved 2 slots: Weapon x2 1371 | -8/Materials | Build established: Skirmisher 1371 | -8/Materials | Discovered new exit (range 15) 1583 | -8/Materials | Discovered new exit (range 10) 1796 | -8/Materials | Discovered new exit (range 7) 1928 | -8/Materials | Discovered new exit (range 16) 3038 | -8/Materials | Entered Factory 3038 | -7/Factory | Evolved 2 slots: Utility x1, Weapon x1 3179 | -7/Factory | Allied Derelicts emerged from ambush trap array 3581 | -7/Factory | Discovered new exit (range 12) 3685 | -7/Factory | Identified exit to Garrison 3687 | -7/Factory | Entered Garrison 3687 | -7/Garrison | Accompanied by 3 allies 3744 | -7/Garrison | Triggered checkpoint 3796 | -7/Garrison | Spotted B-75 Beast 3854 | -7/Garrison | Triggered checkpoint 3886 | -7/Garrison | Destroyed 13 combat bots 3886 | -7/Garrison | Lost 3 parts (1p1n1u) 3971 | -7/Garrison | Discovered new exit (range 8) 3994 | -7/Garrison | Installed Relay Interface Framework 4176 | -7/Garrison | Triggered checkpoint 4237 | -7/Garrison | Discovered new exit (range 14) 4290 | -7/Garrison | Triggered checkpoint 4319 | -7/Garrison | Garrison Relay disabled 4348 | -7/Garrison | Build established: Gunner 4412 | -7/Garrison | Triggered checkpoint 4484 | -7/Garrison | Discovered new exit (range 10) 4506 | -7/Garrison | Triggered checkpoint 4534 | -7/Garrison | Garrison Relay disabled 4586 | -7/Garrison | Entered Factory 4743 | -7/Factory | Identified exit to Garrison 4745 | -7/Factory | Entered Garrison 4754 | -7/Garrison | Expanded RIF knowledge: Zone Cloak 4856 | -7/Garrison | Triggered checkpoint 4863 | -7/Garrison | Garrison Relay disabled 4982 | -7/Garrison | Triggered checkpoint 5063 | -7/Garrison | Garrison Relay disabled 5162 | -7/Garrison | Discovered new exit (range 15) 5195 | -7/Garrison | Entered Factory 5195 | -6/Factory | Evolved 2 slots: Utility x2 5216 | -6/Factory | Lost 4 parts (2n1u1w) 5483 | -6/Factory | Build established: Hauler-Skirmisher 6131 | -6/Factory | Build established: Bothacker-Mutant 6247 | -6/Factory | Lost 3 parts (1p2w) 6421 | -6/Factory | Garrison activated, responded to threat 6444 | -6/Factory | Identified exit to Garrison 6444 | -6/Factory | Entered Garrison 6454 | -6/Garrison | Expanded RIF knowledge: Program Shield 6506 | -6/Garrison | Triggered checkpoint 6530 | -6/Garrison | Garrison Relay disabled 6543 | -6/Garrison | Core integrity fell below 50% 6553 | -6/Garrison | Core integrity fell below 20% 6589 | -6/Garrison | Lost 12 parts (2n3u7w) 6694 | -6/Garrison | Triggered checkpoint 6702 | -6/Garrison | Destroyed by G-50 Soldier with Heavy Laser Last Messages --------------- 06609_ Acquired 63 matter. 06610_ Acquired Relay Coupler [Duelist]. 06612_ Acquired 71 matter. 06614_ Acquired Gatling Laser. 06670_ Acquired Lgt. Nuclear Core. 06671_ Acquired 27 matter. 06672_ Acquired Relay Coupler [ARC]. 06674_ Acquired Relay Coupler [NC]. 06679_ Dropped Imp. Heat Sink. 06679_ Dropped Gatling Laser. 06680_ Acquired Relay Coupler [Demolisher]. 06682_ Acquired Relay Coupler [Duelist]. 06685_ Acquired 28 matter. 06686_ Acquired 25 matter. 06694_ Beams of light sweep through the air. An alarm sounds. 06701_ Triggered Stasis Trap. 06701_ A bubble of rippling energy engulfs the area. 06701_ Field strength at 95. 06701_ Field strength at 90. 06702_ Field strength at 85. Map ----- +----------------------------------------------------+ | ???????????????# ????????# #???????????????????? | | ????######""""## ##??????# #???????????????????? | | ????# ######## #???????????????????? | | ???? #???????????????????? | | ???? #???????????????????? | | ????? ??# ## ###########???????????????????? | | ????# ## ## ###???????????????????????????? | | ????" #???????????????????????????? | | ????" #???????????????????????????? | | ????" #???????????????????????????? | | ????" ????????????????????????????? | | ????# ## ## #?????????????????????????????? | | ???## ## ## i ############??????????????????? | | ??? ???????????????? | | ??? #????????????????????? | | ????# d ####### #????????????????????? | | ????######""""# ##?????? #????????????????????? | | ??????????g??g# #?????? #????????????????????? | | ??????????????# #?????? #????????????????????? | | ??????????????# ###?????? #????????????????????? | | ??????????????## #???????g #????????????????????? | | ???????????????# #??????? #????????????????????? | | ???????????????# #??????? #????????????????????? | | ???????????????# ######## #?????????C??????????? | | ???????????????# l g######???????????????? | | ???????????????# @ ????????? | | ???????????????########### ######???????????????? | | ?????????????????????????? #????????????????????? | | ??????????????????????????? #????????????????????? | | ???????????????????Y??????? #????????????????????? | | ????????????????????????????#????????????????????? | | ?????????????????????????????????????????????????? | | ?????????????????????????????????????????????????? | | ?????????????????????????????????????????????????? | | ?????????????????????????????????????????????????? | | ?????????????????????????????????????????????????? | | ?????????????????????????????????????????????????? | | ?????????????????????????????????????????????????? | | ?????????????????????????????????????????????????? | | ?????????????????????????????????????????????????? | | ?????????????????????????????????????????????????? | | ?????????????????????????????????????????????????? | | ?????????????????????????????????????????????????? | | ?????????????????????????????????????????????????? | | ?????????????????????????????????????????????????? | | ?????????????????????????????????????????????????? | | ?????????????????????????????????????????????????? | | ?????????????????????????????????????????????????? | | ?????????????????????????????????????????????????? | | ?????????????????????????????????????????????????? | +----------------------------------------------------+ Best States ------------- Heat Dissipation 48 Energy Generation 14 Energy Capacity 160 Matter Stores 450 Matter Capacity 500 Sight Range 16 Terrain Scan Density 10 Evasion (%) 62 Target Analysis 5 Armor Integrity Analysis 50 Recoil Reduction 2 Relay Coupler Types 135 Relay Coupler Value 5 Item Schematics ----------------- None Robot Schematics ------------------ None Fabricated ------------ Nothing Alien Tech Used ----------------- None Achievements -------------- None Challenges ------------ None Game ------ Seed LauncherHeatCycler Manual? 0 Play Time 01:00:01 Cumulative 43.8 hours Start 2021.01.23 @ 07:53:49 End 2021.01.26 @ 20:52:45 Sessions 3 Manual Loads 0 Difficulty Rogue Special Mode None Game No. 69 Rogue 69 Adventurer 0 Explorer 0 Win Type - Total 1 Types 1/0/0/0/0/0/0/0/0 Lore% 33 Gallery% 46 Achievement% 40 Wizard Run 0 Options --------- ASCII 0 Keyboard 0 Movement Numpad Keybinds 0 Fullscreen 1 Font 18/SmallcapsGlow Map View 76x50 Tactical HUD 1 Map Filters NONE Filters NONE Steam 1 RUN: 06b10e1d-0f05-4be1-83da-e611f6b3899f